 Dungeon Crawl Stone Soup version 0.26-a0-227-g1af32d979d (webtiles) character file.

Game seed: 5020142607736281840

42 BritishOli the Skirmisher (level 3, -3/29 HPs)
             Began as a Demonspawn Abyssal Knight on July 7, 2020.
             Was a Believer of Lugonu.
             Killed from afar by a white imp (10 damage)
             ... with a puff of frost
             ... on level 2 of the Dungeon.
             The game lasted 00:02:02 (1403 turns).

BritishOli the Skirmisher (DsAK)                    Turns: 1403, Time: 00:02:03

Health: -3/29      AC:  7    Str: 13    XL:     3   Next: 33%
Magic:  0/5        EV: 11    Int: 13    God:    Lugonu [**....]
Gold:   66         SH:  0    Dex: 12    Spells: 2/2 levels left

rFire    . . .     SeeInvis .   a - +1 falchion
rCold    . . .     Faith    .   (no shield)
rNeg     . . .     Spirit   +   b - +0 leather armour
rPois    +         Reflect  .   (no helmet)
rElec    .         Harm     .   (no cloak)
rCorr    .                      (no gloves)
MR       .....                  (no boots)
Stlth    +.........             j - amulet of guardian spirit
HPRegen  0.09/turn              h - ring of poison resistance
MPRegen  0.09/turn              (no ring)

@: no status effects
A: iridescent scales 2
a: Depart the Abyss, Bend Space, Renounce Religion


You were on level 2 of the Dungeon.
You worshipped Lugonu.
Lugonu was pleased with you.
You were not hungry.

You visited 1 branch of the dungeon, and saw 2 of its levels.
You visited the Abyss 1 time.

You collected 66 gold pieces.

Inventory:

Hand Weapons
 a - a +1 falchion (weapon)
Armour
 b - a +0 leather armour (worn)
Jewellery
 h - a ring of poison resistance (left hand)
 j - an amulet of guardian spirit (around neck)
Scrolls
 e - 3 scrolls of identify {unknown}
 f - 3 scrolls of teleportation {unknown}
 g - 4 scrolls of remove curse {unknown}
Potions
 d - 2 potions of curing {unknown}
 i - a potion of ambrosia {unknown}
Comestibles
 c - a ration


   Skills:
 + Level 3.2 Fighting
 * Level 2.4 Long Blades
 + Level 2.0 Armour
 + Level 1.4 Dodging
 + Level 3.0 Invocations


You had 2 spell levels left.
You didn't know any spells.
Your spell library contained the following spells:

 Spells                   Type           Power        Failure   Level
 Magic Dart               Conj           #...         36%         1
 Blink                    Tloc           N/A          52%         2
 Call Imp                 Summ           #.......     52%         2
 Slow                     Hex            #.......     52%         2
 Conjure Flame            Conj/Fire      #.......     75%         3
 Mephitic Cloud           Conj/Pois/Air  #.......     75%         3


Dungeon Overview and Level Annotations

Branches:
Dungeon (2/15)

Altars:


Innate Abilities, Weirdness & Mutations

You are mostly covered in iridescent scales. (AC +4)


Message History

The white imp hits you but does no damage.
The worm bites you!
Unknown command.
You are too injured to fight recklessly!
Unknown command.
You are too injured to fight recklessly!
Unknown command.
The white imp closely misses you.
The white imp sputters.
The white imp gestures at you. The puff of frost hits you!
* * * LOW HITPOINT WARNING * * *
The white imp gestures at you. The puff of frost hits you.
* * * LOW HITPOINT WARNING * * *
The white imp gestures at you. The puff of frost misses you.
The white imp gestures at you. The puff of frost hits you!
You die...

###############
#.............# ##
#.#########...######
##.##.#
#.#......#########
#...#.#
#...####......†..#
......# ##..#
#########.##
......####### #..#
#..... ............#
#..# ####.....
......#####.# #@.#
.......<. ......#
#..... #..# ####.....
#...#.###.#.#.##..#
##.....
##.#...†..........#
#......
###..###.#.#.#...#
#......
##.††...........#
#......
##..†#####.#.#w5.#
#...... ##.....##
#.#....#####. #......
#....)..###.#..........
#......


You could see a worm and a white imp.

Vanquished Creatures
  An ooze (D:1)
  2 dart slugs
  A leopard gecko (D:2)
  A giant cockroach (D:2)
  5 goblins
  4 hobgoblins
  2 jackals (D:2)
  3 kobolds
  A ball python (D:2)
  7 bats
  A frilled lizard (D:1)
  4 rats (D:1)
32 creatures vanquished.

Notes
Turn   | Place    | Note
-------+----------+-------------------------------------------
     0 | Abyss:1  | BritishOli the Demonspawn Abyssal Knight began the quest
                  | for the Orb.
     0 | Abyss:1  | Reached XP level 1. HP: 18/18 MP: 2/2
    60 | Abyss:1  | Noticed a shadow dragon simulacrum
    94 | Abyss:1  | Noticed a fire giant zombie
   100 | D:1      | Escaped the Abyss
   307 | D:1      | Reached skill level 1 in Dodging
   343 | D:1      | Gained mutation: You are partially covered in iridescent
                  | scales. (AC +2) [demonic ancestry]
   343 | D:1      | Reached XP level 2. HP: 24/24 MP: 3/3
   729 | D:1      | Reached ** piety under Lugonu
  1092 | D:2      | Gained mutation: You are mostly covered in iridescent
                  | scales. (AC +4) [demonic ancestry]
  1092 | D:2      | Reached XP level 3. HP: 28/29 MP: 5/5
  1403 | D:2      | Killed from afar by a white imp

Illustrated notes

Levels and vault maps discovered:
D:1:      wheals_arrival_shading, layout_loops_corners
D:2:      layout_loops_ring, uniq_sigmund

Skill      XL: |  1  2  3 |
---------------+----------+-----
Dodging        | 1 |  1.4
Long Blades    | 2 |  2.4
Armour         | 2 |  2.0
Invocations    | 3 |  3.0
Fighting       | |  3.2

Action                   || total
-------------------------++-------
Melee: Falchion          ||    93
  Eat: Ration            ||     1
Armor: Leather armour    ||    44
Dodge: Dodged            ||    82
       Rpst.: Falchion   ||    30

Table legend:
 A = Non-vault XP
 B = Vault XP
 C = Vault XP percentage of total XP
 D = Non-vault monster count
 E = Vault monster count
 F = Vault count percentage of total count
                 A         B        C        D         E       F
            +---------+---------+-------+---------+---------+-------
      Total |      60 |       0 |   0.0 |      32 |       0 |   0.0
            +---------+---------+-------+---------+---------+-------
        D:1 |      40 |       0 |   0.0 |      22 |       0 |   0.0
        D:2 |      20 |       0 |   0.0 |      10 |       0 |   0.0
            +---------+---------+-------+---------+---------+-------
